 Dungeon Crawl Stone Soup version 0.22.1 (webtiles) character file.

168 erker the Changer (level 5, -6/33 HPs)
             Began as an Octopode Transmuter on Sept 17, 2018.
             Killed by divine providence
             ... invoked by an orc priest
              (13 damage)
             ... on level 3 of the Dungeon.
             The game lasted 00:06:15 (1961 turns).

erker the Changer (Octopode Transmuter)             Turns: 1961, Time: 00:06:16

Health: -6/33      AC:  2    Str:  9    XL:     5   Next: 48%
Magic:  0/9        EV: 20    Int: 16    God:
Gold:   95         SH:  0    Dex: 18    Spells: 4/10 levels left

rFire    + . .     SeeInvis .     - Unarmed
rCold    x . .     Gourm    .   (shield currently unavailable)
rNeg     . . .     Faith    .   (helmet currently unavailable)
rPois    x         Spirit   .   (no amulet)
rElec    .         Reflect  .   n - ring of fire
rCorr    .         Harm     .   (no ring)
MR       .....                  (no ring)
Stlth    ++........             (no ring)
HPRegen  0.11/turn              (no ring)
MPRegen  0.11/turn              (no ring)
                                (no ring)
                                (no ring)

@: spider-form (expiring), very slightly contaminated
A: tiny, almost no armour, stealthy swim, (amphibious), 8 rings, (constrict 8)
a: End Transformation


You were on level 3 of the Dungeon.
You were very hungry.
You were a venomous arachnid creature.
You visited 1 branch of the dungeon, and saw 3 of its levels.

You collected 95 gold pieces.

Inventory:

Missiles
 a - 10 arrows
 k - 7 poisoned needles
Jewellery
 n - a ring of fire (left front leg)
Scrolls
 b - 2 scrolls of remove curse {unknown}
 d - a scroll of blinking {unknown}
 i - 3 scrolls of identify {unknown}
 m - a scroll of teleportation {unknown}
 p - a scroll of noise {unknown}
 q - a scroll of enchant armour {unknown}
Potions
 e - a potion of haste {unknown}
 f - 2 potions of might {unknown}
 g - 2 potions of heal wounds {unknown}
 h - a potion of flight {unknown}
 j - 2 potions of brilliance {unknown}
 l - a potion of mutation {unknown}
 o - a potion of magic {unknown}
 r - a potion of degeneration {unknown}
 s - a potion of curing {unknown}
 t - a potion of ambrosia {unknown}
Comestibles
 c - 9 rations


   Skills:
 - Level 1.0 Fighting
 - Level 2.0 Dodging
 - Level 3.0 Unarmed Combat
 + Level 3.3 Spellcasting
 * Level 4.3 Transmutations
 * Level 1.7 Poison Magic


You had 4 spell levels left.
You knew the following spells:

 Your Spells              Type           Power        Failure   Level  Hunger
a - Beastly Appendage     Tmut           ###...       11%         1    None
s - Spider Form           Tmut/Pois      ##........   34%         3    ###....
t - Sticks to Snakes      Tmut           ###.....     14%         2    ##.....

Your spell library contained the following spells:

 Spells                   Type           Power        Failure   Level  Hunger
 Ice Form                 Ice/Tmut       #.......     78%         4    ####...
 Blade Hands              Tmut           ###.......   83%         5    ######.


Dungeon Overview and Level Annotations

Branches:
Dungeon (3/15)

Altars:
Vehumet


Innate Abilities, Weirdness & Mutations

You cannot wear most types of armour.
You are very stealthy in the water. (Stealth+)
((You are amphibious.))
You can wear up to eight rings at the same time.
((You can use your tentacles to constrict eight enemies at once.))
((Your skin changes colour to match your surroundings (Stealth+).))
((Your rubbery body absorbs attacks. (AC +1, EV +1)))


Message History

The kobold closely misses you.
You hit the orc priest.
The orc priest is poisoned.
The orc priest is lightly wounded.
The orc closely misses you.
Your adder bites the kobold but does no damage.
The kobold completely misses you.
The orc priest looks braver for a moment.
Your adder closely misses the kobold.
Casting: Sticks to Snakes (safe; 14% risk of failure)
Confirm with . or Enter, or press ? or * to list all spells.
You don't have enough magic to cast that spell.
You hit the orc.
The orc is poisoned.
The orc is heavily wounded.
Your transformation is almost over.
Your adder bites the kobold.
The kobold is poisoned.
Your adder poisons the kobold!
The orc closely misses you. The kobold barely misses your adder.
The orc priest mumbles some strange prayers to Beogh against you.
Beogh smites you!
You die... #.......# #.......# . ### #.......####.... ... ................ ... #######.####.... #.## #......<# . .Ss

##......#
.###.#K###.#########.
......oos.†..........
..##.#.###.#########.
#. #.#
...............
........#.#####
..#..##.#.# #..#.$
... # #.... #.# ..#
#.#


You could see an orc priest, an orc, a kobold and a friendly adder.

Vanquished Creatures
  A bullfrog (D:2)
  An orc priest (D:3)
  3 adders
  2 worms (D:2)
  A dart slug (D:1)
  3 leopard geckos
  A ball python (D:2)
  7 giant cockroaches
  3 goblins
  4 hobgoblins
  5 jackals
  4 bats (D:1)
  4 kobolds
  9 rats
48 creatures vanquished.

Notes
Turn   | Place    | Note
-------+----------+-------------------------------------------
     0 | D:1      | erker the Octopode Transmuter began the quest for the Orb.
     0 | D:1      | Reached XP level 1. HP: 13/13 MP: 3/3
   273 | D:1      | Reached XP level 2. HP: 18/18 MP: 5/5
   277 | D:1      | Learned a level 2 spell: Sticks to Snakes
   612 | D:1      | Reached XP level 3. HP: 15/23 MP: 4/6
   615 | D:1      | Reached skill level 3 in Transmutations
  1189 | D:2      | Learned a level 3 spell: Spider Form
  1422 | D:2      | Reached XP level 4. HP: 17/28 MP: 8/8
  1549 | D:2      | Noticed a bullfrog
  1556 | D:2      | Killed a bullfrog
  1556 | D:2      | Reached skill level 4 in Transmutations
  1556 | D:2      | Reached skill level 1 in Poison Magic
  1556 | D:2      | Reached XP level 5. HP: 23/33 MP: 3/9
  1608 | D:2      | Found a radiant altar of Vehumet.
  1961 | D:3      | Killed from afar by an orc priest

Skill      XL: |  1  2  3  4 |
---------------+-------------+-----
Transmutations | 3 4 |  4.3
Spellcasting   | 3 |  3.3
Poison Magic   | 1 |  1.7
Fighting       | |  1.0
Dodging        | |  2.0
Unarmed Combat | |  3.0

Action                   |  1- 3 |  4- 6 || total
-------------------------+-------+-------++-------
Melee: Unarmed           |    92 |    28 ||   120
       Tentacles         |    17 |       ||    17
       Constrict         |    27 |     3 ||    30
       Kick              |    14 |     2 ||    16
       Punch             |     1 |       ||     1
 Cast: Beastly Appendage |    15 |     2 ||    17
       Spider Form       |       |     4 ||     4
       Sticks to Snakes  |       |     2 ||     2
 Stab: Sleeping          |     6 |     2 ||     8
  Eat: Chunk             |     2 |     1 ||     3
Armor: Skin              |     8 |       ||     8
Dodge: Dodged            |    61 |    28 ||    89
